Map: Nowy Williamsberg

Players

Retsech

  • Race: Terran Terran
  • Spawn Location: 6:00

HAJPER

  • Race: Protoss Protoss
  • Spawn Location: 9:00

Gracz

  • Race: Terran Terran
  • Spawn Location: 0:00

SI 3 (Średnio trudna) - Winner!

  • Race: Terran Terran
  • Spawn Location: 0:00

SI 4 (Średnio trudna) - Winner!

  • Race: Protoss Protoss
  • Spawn Location: 12:00

SI 5 (Średnio trudna) - Winner!

  • Race: Terran Terran
  • Spawn Location: 3:00

VOD

Have the link to the VOD?

Description

Time

  • Played on: Feb. 14, 2016, 4:53 p.m.
  • Length: 23:40
Show
View Real Time Build Order
Export as new Build Order

Retsech Terran 

Build Orders: MMM Bio 

Get SALT Encoding   

  12  0:18  SCV  
  13  0:30  SCV  
  14  0:45  Supply Depot  
  14  1:04  SCV  
  15  1:14  Barracks  
  15  1:17  Barracks  
  15  1:20  SCV  
  15  1:22  Supply Depot  
  16  1:32  SCV  
  17  1:40  Refinery  
  17  1:42  Refinery  
  17  1:45  SCV  
  18  1:57  SCV  
  19  2:34  Orbital Command  
  19  2:41  Barracks Tech Lab  
  19  2:42  Barracks Tech Lab  
  19  3:01  Marine  
  19  3:02  Marauder  
  22  3:19  Marine, Supply Depot  
  24  3:20  Supply Depot, SCV  
  24  3:23  Marauder  
  26  3:32  SCV  
  27  3:37  Marine  
  28  3:44  SCV  
  28  3:45  Marauder  
  31  3:55  Marine  
  32  3:56  Concussive Shells  
  32  3:58  Stimpack  
  32  4:06  Marine  
  33  4:13  Marauder  
  35  4:23  Marine  
  36  4:33  Engineering Bay  
  36  4:35  Marauder  
  38  4:41  Marine  
  38  4:42  Factory  
  39  4:55  Marine  
  42  5:00  Marauder  
  42  5:01  Terran Infantry Weapons Level 1  
  42  5:13  Marine  
  45  5:21  Marauder  
  45  5:31  Marine  
  45  5:35  Factory Tech Lab  
  46  5:42  Marine  
  47  5:49  Marauder  
  49  5:57  Cyclone  
  49  5:59  Combat Shields  
  49  6:00  Marine  
  48  6:28  Marine  
  48  6:29  Cyclone, Marauder  
  49  6:46  Marine  
  50  6:50  Marauder  
  52  6:55  Terran Infantry Armor Level 1  
  52  7:02  Cyclone  
  52  7:03  Marine  
  56  7:11  Marauder  
  58  7:21  Marine  
  59  7:34  Cyclone  
  62  7:37  Starport  
  62  8:05  Widow Mine  
  62  8:09  Liberator  
  67  8:34  Widow Mine  
  69  8:52  Liberator  
  69  9:02  Widow Mine  
  74  9:31  Widow Mine  
  74  9:35  Liberator  
  79  11:30  Supply Depot  
  79  11:31  Supply Depot  
  79  11:32  Supply Depot  
  79  11:33  Supply Depot  
  79  11:37  Supply Depot  
  79  11:43  Supply Depot  
  79  11:45  Supply Depot  
  79  11:47  Supply Depot  
  79  11:52  Supply Depot x2  
  79  11:53  Supply Depot  
  79  11:55  Supply Depot  
  79  11:57  Supply Depot  
  79  11:58  Supply Depot  
  79  12:01  Supply Depot  
  79  12:03  Supply Depot  
  79  12:04  Supply Depot  
  79  12:05  Supply Depot  
  79  12:06  Supply Depot x2  
  79  12:07  Supply Depot  
  79  12:09  Supply Depot  
  60  19:29  Marine, Marauder  
  62  19:46  Marine  
  62  19:51  Marauder  
  65  20:04  Marine  
  66  20:12  Marauder  
  68  20:22  Marine  
  69  20:33  Marauder  
  71  20:40  Marine  
  68  20:54  Marine  
Show
View Real Time Build Order
Export as new Build Order

HAJPER Protoss 

Build Orders:  

Get SALT Encoding   

  12  0:08  Probe (Chrono Boost)  
  13  0:19  Probe (Chrono Boost)  
  14  0:29  Probe (Chrono Boost)  
  15  0:44  Pylon  
  15  1:02  Probe (Chrono Boost)  
  16  1:06  Forge  
  16  1:09  Gateway  
  16  1:13  Pylon, Probe (Chrono Boost)  
  17  1:35  Assimilator  
  17  1:40  Assimilator  
  17  1:55  Nexus, Photon Cannon  
  17  2:13  Probe (Chrono Boost)  
  18  2:24  Probe (Chrono Boost)  
  18  2:27  Cybernetics Core  
  19  2:34  Probe (Chrono Boost)  
  20  2:45  Gateway, Probe (Chrono Boost)  
  21  2:55  Probe (Chrono Boost)  
  22  3:11  Warp Gate (Chrono Boost)  
  22  3:12  Probe (Chrono Boost)  
  23  3:21  Probe  
  24  3:32  Probe  
  25  3:42  Probe  
  25  3:48  Stalker (Chrono Boost)  
  30  3:50  Adept (Chrono Boost)  
  30  3:53  Probe  
  35  4:18  Adept (Chrono Boost)  
  35  4:19  Stalker (Chrono Boost)  
  35  4:45  Pylon  
  35  4:49  Pylon  
  35  4:52  Probe  
  36  5:02  Probe  
  37  5:10  Gateway  
  37  5:11  Gateway  
  37  5:13  Probe  
  37  5:14  Gateway  
  37  5:16  Gateway  
  38  5:23  Probe  
  39  5:34  Probe  
  40  6:01  Stargate  
  40  6:05  Pylon  
  40  6:35  Stalker  
  40  6:36  Stalker  
  42  6:43  Stalker x3  
  42  6:44  Stalker  
  50  7:28  Adept  
  50  7:29  Adept x2  
  56  7:30  Adept x2  
  56  7:31  Adept  
  62  7:42  Probe (Chrono Boost)  
  63  7:53  Probe (Chrono Boost)  
  64  7:59  Pylon  
  64  8:03  Probe (Chrono Boost)  
  65  8:07  Pylon  
  65  8:14  Probe (Chrono Boost)  
  65  8:18  Stargate  
  66  8:23  Stargate  
  66  8:24  Probe (Chrono Boost)  
  67  8:32  Adept x2  
  67  8:33  Adept  
  73  8:34  Stalker x2  
  73  8:35  Stalker  
  79  8:51  Assimilator  
  79  8:55  Assimilator  
  79  8:59  Mothership Core (Chrono Boost)  
  81  9:13  Adept  
  81  9:14  Adept  
  85  9:28  Pylon  
  85  9:39  Pylon  
  85  9:43  Pylon  
  85  9:49  Photon Cannon  
  85  9:51  Photon Cannon  
  85  9:58  Photon Cannon  
  85  10:02  Photon Cannon  
  85  10:10  Probe (Chrono Boost)  
  86  10:15  Adept x2  
  86  10:16  Adept x2  
  86  10:17  Adept x2  
  86  10:20  Probe (Chrono Boost)  
  99  10:31  Probe (Chrono Boost)  
  100  10:42  Probe (Chrono Boost)  
  101  10:56  Void Ray x2  
  103  11:06  Stalker x2  
  107  11:13  Adept  
  109  11:22  Pylon  
  109  11:24  Pylon  
  109  11:26  Pylon  
  109  11:33  Pylon  
  109  11:35  Pylon  
  109  11:39  Pylon, Void Ray x2  
  117  12:00  Stalker  
  119  12:01  Stalker  
  119  12:02  Stalker  
  119  12:03  Adept  
  119  12:04  Adept  
  119  12:05  Adept  
  129  12:22  Void Ray x2  
  137  12:40  Fleet Beacon  
  137  13:05  Void Ray x2  
  145  13:38  Tempest (Chrono Boost)  
  157  13:53  Void Ray x2 (Chrono Boost)  
  157  14:15  Pylon  
  157  14:16  Pylon  
  157  14:18  Pylon  
  157  14:20  Pylon  
  157  14:21  Pylon  
  157  14:23  Pylon  
  157  14:25  Pylon  
  157  14:34  Tempest (Chrono Boost)  
  119  15:09  Stalker x2  
  119  15:11  Adept x2, Tempest (Chrono Boost)  
  119  15:12  Adept x2  
  143  15:27  Void Ray x2 (Chrono Boost)  
  143  15:48  Tempest (Chrono Boost)  
  155  16:09  Void Ray x2 (Chrono Boost)  
  159  16:25  Tempest (Chrono Boost)  
  77  17:35  Stalker  
  77  17:36  Stalker x2  
  83  17:37  Stalker x2  
  83  17:38  Stalker  
  93  17:48  Void Ray (Chrono Boost)  
  93  18:10  Assimilator, Nexus  
  93  18:12  Assimilator  
  93  18:19  Nexus  
  93  18:24  Assimilator  
  93  18:29  Assimilator  
  87  19:26  Void Ray (Chrono Boost)  
  87  20:20  Void Ray (Chrono Boost)  
  91  20:23  Stalker  
  91  20:24  Stalker  
  91  20:25  Adept  
  97  20:46  Nexus  
  97  20:59  Mothership Core  
  99  21:18  Void Ray (Chrono Boost)  
  13  22:33  Stalker  
  13  22:34  Stalker x2  
  13  22:35  Stalker x2  
  13  22:36  Stalker  
  21  22:58  Stalker x2  
  11  22:59  Stalker x2  
Show
View Real Time Build Order
Export as new Build Order

Gracz Terran 

Build Orders:  

Get SALT Encoding   

  12  0:03  SCV  
  13  0:26  SCV  
  14  0:38  SCV  
  15  0:43  Refinery  
  15  0:51  Supply Depot  
  15  1:13  SCV  
  16  1:20  Supply Depot  
  16  1:25  SCV  
  17  1:29  Supply Depot  
  17  1:37  SCV  
  17  1:39  Refinery  
  18  1:49  SCV  
  18  1:54  Barracks  
  19  2:00  Barracks  
  20  2:01  SCV  
  20  2:06  Barracks  
  20  2:13  SCV  
  21  2:28  SCV  
  22  2:40  SCV  
  23  2:51  Factory  
  23  2:52  SCV  
  23  2:55  Barracks  
  24  3:05  SCV  
  25  3:09  Factory  
  25  3:15  Barracks Reactor x2  
  25  3:16  Barracks Reactor  
  25  3:44  Barracks Tech Lab  
  25  3:57  Armory  
  25  4:03  Factory  
  25  4:06  Factory  
  25  4:17  Factory Reactor  
  25  4:18  Factory Reactor  
  25  4:25  Marine x2  
  25  4:26  Marine x4  
  31  4:43  Reaper  
  31  4:44  Reaper  
  33  5:01  Factory Tech Lab  
  33  5:04  Factory Tech Lab  
  33  5:16  Starport  
  33  5:27  Starport  
  33  5:36  Hellbat x2  
  37  5:44  Supply Depot  
  37  5:55  Engineering Bay  
  37  6:14  Starport  
  25  6:35  Reaper x3  
  25  6:36  Reaper x3  
  25  6:38  Marine  
  32  6:56  Marine  
  33  7:07  Marine x4  
  33  7:08  Marine x2  
  39  7:10  Orbital Command  
  39  7:11  Supply Depot  
  39  7:13  Marine  
  40  7:25  Marine x5  
  40  7:26  Marine  
  40  7:27  Starport Tech Lab  
  40  7:28  Starport Tech Lab  
  40  7:29  Starport Reactor  
  46  7:31  Marine  
  47  7:43  Marine x2  
  49  7:56  Supply Depot  
  53  8:05  Hellion  
  53  8:06  Hellion x3  
  57  8:18  Reaper x2  
  57  8:19  Reaper x2  
  65  8:27  Hellion x3  
  67  8:43  Viking x2  
  71  9:26  Reaper x7  
  78  9:33  Supply Depot  
  78  9:58  Reaper x3  
  81  10:18  Reaper x4  
  85  10:30  Reaper  
  86  10:45  Command Center  
  55  11:17  Medivac x2  
  59  11:20  Banshee  
  59  11:23  Marine x2  
  59  11:24  Marine x3  
  67  12:03  Reaper x2  
  67  12:04  Reaper x2  
  71  12:16  Refinery  
  71  12:33  Hellion  
  71  12:34  Hellion x2  
  77  13:02  SCV  
  78  13:07  Refinery  
  78  14:08  Supply Depot  
  28  16:12  Marauder  
  28  16:13  Reaper  
  28  16:14  Reaper x5  
  36  16:30  Banshee x2  
  42  16:34  Marauder  
  44  16:46  Reaper x6  
  50  16:55  Marauder  
  52  17:13  Banshee  
  55  17:17  Marauder  
  55  17:18  Reaper x5  
  55  17:19  Reaper  
  57  17:38  Marauder  
  53  17:50  Reaper x5  
  53  17:51  Reaper  
  49  18:06  Medivac x2  
  49  18:12  Marine  
  53  18:22  Marine x6  
  47  18:30  Marine  
  48  18:36  Medivac x2  
  48  18:39  Marine  
  48  18:40  Marine x5  
  56  18:48  Marine  
  51  18:58  Reaper x5  
  56  19:06  Viking x2  
  60  19:36  Viking  
  62  19:44  Marine, Reaper x5  
  62  19:45  Marine  
  69  20:02  Marine x2  
  71  20:15  Marine x2  
  71  20:16  Marine x3  
  71  20:20  Marine x2  
  75  20:33  Marine x3  
  75  20:34  Marine x2  
  51  20:56  Reaper x2  
  54  20:57  Reaper x5  
  58  21:07  Hellion x5  
  58  21:08  Hellion  
  70  21:23  Refinery  
  70  21:28  Hellion x2, Reaper  
  75  21:48  Medivac x3  
  75  21:50  Marine x4  
  75  21:51  Marine  
  40  22:16  Marine x4  
  40  22:17  Marine x2  
  45  22:33  Reaper  
  45  22:34  Reaper x3  
  49  22:49  Reaper x2  
  49  22:50  Reaper  
  37  23:17  Marine x4  
  35  23:21  Marine x3  
Show
View Real Time Build Order
Export as new Build Order

SI 3 (Średnio trudna) Terran - Winner!

Build Orders:  

Get SALT Encoding   

  12  0:01  SCV  
  13  0:13  SCV  
  14  0:19  Supply Depot  
  14  0:25  SCV  
  15  0:41  SCV  
  16  0:43  Barracks  
  16  0:49  Refinery  
  16  0:53  SCV  
  17  1:05  SCV  
  18  1:18  Supply Depot  
  18  1:30  Marine  
  19  1:33  Barracks, Orbital Command  
  19  1:43  Refinery  
  19  1:49  Barracks Tech Lab  
  19  2:07  Marine  
  20  2:10  Supply Depot  
  20  2:25  Marine  
  20  2:29  Marine  
  22  2:31  SCV  
  23  2:42  Marine  
  23  2:43  SCV  
  25  2:47  Supply Depot  
  25  2:49  Marine  
  26  2:54  Engineering Bay  
  26  2:55  SCV  
  27  3:01  Marauder  
  29  3:07  SCV  
  30  3:19  SCV  
  31  3:22  Marauder  
  33  3:32  SCV  
  34  3:44  Marauder  
  36  5:20  Barracks Tech Lab  
  37  5:21  SCV  
  37  5:24  Factory  
  36  5:28  Factory  
  36  5:32  Supply Depot  
  36  5:34  Missile Turret  
  36  5:35  Missile Turret  
  36  5:41  Barracks  
  36  5:57  Supply Depot  
  36  6:00  Bunker  
  36  6:04  Command Center  
  36  6:06  Sensor Tower  
  36  6:07  Factory Tech Lab  
  36  6:17  Armory  
  36  6:18  Factory Tech Lab  
  36  6:23  Marine  
  32  6:33  Barracks Reactor  
  32  6:37  Marine  
  26  6:51  Marine  
  27  7:04  Marine  
  28  7:16  SCV  
  28  7:19  Marine  
  28  7:20  SCV  
  31  7:28  SCV  
  32  7:32  Marine, SCV  
  33  7:39  Missile Turret  
  33  7:40  SCV  
  33  7:41  Missile Turret  
  35  7:44  Starport, SCV  
  35  7:46  Refinery  
  35  7:47  Marauder  
  35  7:48  Refinery  
  37  7:52  SCV  
  37  7:56  SCV  
  39  8:00  Marauder  
  39  8:05  SCV  
  42  8:08  SCV  
  43  8:14  Siege Tank  
  43  8:17  SCV  
  47  8:20  SCV  
  47  8:23  Starport Tech Lab  
  48  8:28  Siege Tank  
  48  8:29  SCV  
  48  8:32  SCV  
  53  8:41  SCV  
  54  8:43  Raven  
  54  8:44  SCV  
  54  8:46  Cyclone  
  60  8:53  SCV  
  61  8:56  SCV  
  62  9:05  SCV  
  62  9:09  SCV  
  64  9:17  SCV  
  64  9:21  SCV  
  66  9:26  Raven  
  68  9:52  Siege Tank  
  71  9:53  Combat Shields  
  71  9:54  Stimpack  
  71  9:55  Starport, Terran Infantry Weapons Level 1  
  71  9:57  Supply Depot  
  71  9:59  Marine, Ghost Academy  
  72  10:03  Engineering Bay  
  72  10:06  Marine  
  73  10:07  Fusion Core  
  73  10:08  Raven  
  73  10:11  Command Center  
  73  10:13  Marine, Armory  
  76  10:21  Marine, Supply Depot  
  80  10:28  Siege Tank  
  80  10:30  Terran Infantry Armor Level 1  
  80  10:31  Medivac  
  82  10:43  Siege Tank  
  82  10:45  Supply Depot  
  81  10:50  Marine  
  81  10:51  Medivac  
  69  10:57  Marine  
  69  11:01  Starport Tech Lab  
  70  11:04  Marine  
  71  11:12  Marine  
  72  11:19  Siege Tank  
  72  11:25  SCV  
  76  11:26  Marine, Refinery  
  76  11:28  SCV  
  76  11:31  SCV  
  79  11:33  Marine  
  79  11:37  SCV  
  81  11:40  SCV  
  81  11:41  Siege Tank  
  81  11:43  SCV  
  81  11:46  Missile Turret  
  86  11:49  Refinery, SCV  
  86  11:51  Siege Tank  
  86  11:52  SCV  
  91  11:55  SCV  
  91  11:56  Missile Turret  
  92  12:19  Bunker  
  92  12:49  SCV  
  92  13:51  Hellion  
  92  13:52  Terran Infantry Weapons Level 2  
  92  13:53  Terran Infantry Armor Level 2  
  92  13:55  Terran Ship Weapons Level 1, Terran Vehicle Weapons Level 1  
  94  13:56  Marine, Supply Depot  
  94  14:01  Marine  
  96  14:07  Hellion  
  98  14:16  Thor  
  104  14:32  Siege Tank  
  107  14:49  Raven  
  107  14:50  Marine  
  107  14:51  Raven  
  103  14:55  Marine  
  96  15:00  Marine  
  96  15:06  Marine  
  80  15:11  Marine  
  81  15:16  Marine  
  82  15:22  Marine  
  82  15:27  Marine  
  78  15:32  Command Center, Raven  
  78  15:33  Marine  
  81  15:38  Marine  
  82  15:43  Siege Tank  
  82  15:48  Siege Tank, Raven  
  82  15:49  Terran Vehicle And Ship Armor Level 1, Terran Vehicle Weapons Level 2  
  88  15:51  Missile Turret  
  88  15:57  Marine  
  88  16:02  Marine  
  87  16:15  Viking, Terran Infantry Weapons Level 3  
  87  16:17  Terran Infantry Armor Level 3  
  87  16:18  Supply Depot  
  88  16:21  Siege Tank  
  91  16:26  Hellion  
  91  16:33  Viking  
  93  16:41  Marauder  
  95  16:51  Hellion  
  97  16:56  Siege Tank  
  97  17:00  Supply Depot  
  100  17:04  Marine, Raven  
  100  17:05  Command Center  
  96  17:09  Marine  
  96  17:15  Medivac, Marine  
  91  17:20  Marine  
  85  17:25  Marine  
  86  17:31  Marine  
  86  17:36  Marine  
  88  17:42  Marine  
  83  17:44  Terran Vehicle And Ship Armor Level 2  
  83  17:47  Marine  
  81  17:52  Marine  
  81  17:58  Siege Tank  
  85  18:01  Marine  
  85  18:04  Supply Depot, Siege Tank  
  89  18:10  Marauder  
  91  18:13  Marine  
  91  18:16  Marine  
  92  18:20  Marine, Refinery, SCV  
  92  18:23  SCV  
  92  18:26  SCV  
  94  18:31  Marine, Marauder  
  94  18:33  Concussive Shells  
  97  18:37  Thor  
  97  18:39  Marauder  
  97  18:41  Siege Tank  
  108  18:46  Missile Turret, Marine  
  109  18:49  Marine  
  109  18:52  Marine  
  109  18:54  Missile Turret  
  111  18:56  Refinery  
  111  19:00  Marine  
  107  19:03  Marine  
  107  19:06  Medivac  
  107  19:07  Marine  
  107  19:08  Raven  
  98  19:10  Marine  
  98  19:16  Bunker  
  95  19:17  Marine  
  95  19:19  SCV  
  95  19:21  Marine  
  98  19:25  Marine  
  98  19:28  Marauder  
  101  19:35  Raven  
  101  19:36  Marauder  
  105  19:39  Marine  
  105  19:42  Marine  
  107  19:50  Medivac, Marauder  
  111  19:56  Ghost  
  113  20:10  Ghost  
  112  22:05  Marine  
  111  22:09  Marine  
  111  22:12  Marine  
  111  22:15  Marine  
  107  22:20  Raven  
  103  22:23  Marine, Raven  
  103  22:26  Marine  
  103  22:30  Marine  
  103  22:33  Marine  
  105  22:41  Marine  
  106  22:44  Marine  
  106  22:47  Marine  
  108  22:56  Marauder  
  107  22:59  Marine  
  107  23:02  Command Center  
Show
View Real Time Build Order
Export as new Build Order

SI 4 (Średnio trudna) Protoss - Winner!

Build Orders:  

Get SALT Encoding   

  12  0:01  Probe (Chrono Boost)  
  13  0:12  Probe (Chrono Boost)  
  14  0:20  Pylon  
  14  0:22  Probe (Chrono Boost)  
  15  0:38  Probe (Chrono Boost)  
  16  0:46  Assimilator  
  16  0:49  Probe (Chrono Boost)  
  17  0:51  Gateway  
  17  0:58  Pylon  
  17  0:59  Probe (Chrono Boost)  
  18  1:29  Gateway  
  18  1:35  Assimilator  
  18  1:42  Cybernetics Core  
  18  1:45  Zealot  
  20  2:07  Pylon  
  20  2:11  Zealot  
  20  2:12  Warp Gate  
  22  2:25  Adept  
  24  2:38  Adept  
  26  2:51  Adept  
  26  2:57  Pylon  
  26  2:58  Probe (Chrono Boost)  
  29  3:05  Adept  
  31  3:09  Probe (Chrono Boost)  
  32  3:17  Stalker  
  34  3:20  Probe (Chrono Boost)  
  34  3:21  Forge  
  35  3:31  Adept  
  35  3:32  Probe (Chrono Boost)  
  38  3:44  Probe (Chrono Boost)  
  40  3:55  Probe (Chrono Boost)  
  40  4:48  Probe (Chrono Boost)  
  40  5:24  Stalker  
  40  5:26  Probe (Chrono Boost)  
  43  5:31  Pylon  
  43  5:33  Photon Cannon  
  43  5:36  Photon Cannon  
  43  5:37  Sentry  
  43  5:39  Stargate  
  45  5:44  Nexus, Twilight Council  
  45  5:46  Gateway  
  45  5:49  Robotics Facility  
  46  5:50  Stalker  
  46  5:51  Probe (Chrono Boost)  
  48  5:57  Pylon  
  48  6:03  Stalker  
  49  6:16  Sentry, Forge  
  49  6:17  Probe (Chrono Boost)  
  50  6:29  Sentry  
  46  6:36  Observer  
  39  6:42  Zealot  
  41  6:55  Adept  
  41  6:56  Observer  
  41  6:59  Probe (Chrono Boost)  
  41  7:00  Probe (Chrono Boost)  
  46  7:08  Adept  
  48  7:11  Probe (Chrono Boost)  
  50  7:15  Pylon  
  50  7:16  Probe (Chrono Boost)  
  50  7:18  Pylon  
  50  7:21  Zealot  
  50  7:22  Probe (Chrono Boost)  
  53  7:27  Probe (Chrono Boost)  
  54  7:33  Probe (Chrono Boost)  
  54  7:34  Stalker  
  57  7:38  Probe (Chrono Boost)  
  57  7:39  Photon Cannon  
  57  7:43  Probe (Chrono Boost)  
  59  7:49  Probe (Chrono Boost)  
  59  7:50  Photon Cannon  
  60  7:54  Probe (Chrono Boost)  
  61  8:00  Probe (Chrono Boost)  
  61  8:05  Probe (Chrono Boost)  
  63  8:10  Probe (Chrono Boost)  
  64  8:15  Probe (Chrono Boost)  
  65  8:21  Probe (Chrono Boost)  
  66  8:45  Assimilator  
  66  8:50  Assimilator  
  66  9:07  Probe (Chrono Boost)  
  67  9:10  Probe (Chrono Boost)  
  68  9:18  Probe (Chrono Boost)  
  69  9:47  Protoss Ground Armor Level 1  
  69  9:50  Protoss Ground Weapons Level 1  
  69  9:52  Warp Prism  
  69  9:55  Void Ray  
  75  10:24  Warp Prism  
  77  10:30  Nexus  
  75  10:57  Zealot  
  75  10:59  Observer  
  58  11:11  Zealot  
  60  11:25  Stalker  
  62  11:38  Stalker  
  64  11:44  Probe (Chrono Boost)  
  65  11:47  Probe (Chrono Boost)  
  65  11:50  Probe (Chrono Boost)  
  67  11:56  Probe (Chrono Boost)  
  67  11:58  Probe (Chrono Boost)  
  70  12:01  Probe (Chrono Boost)  
  70  12:05  Assimilator  
  70  12:06  Probe (Chrono Boost)  
  71  12:08  Probe (Chrono Boost)  
  71  12:12  Probe (Chrono Boost)  
  73  12:15  Assimilator  
  73  13:36  Protoss Ground Weapons Level 2  
  73  13:38  Protoss Ground Armor Level 2  
  73  13:46  Sentry  
  73  13:47  Protoss Air Weapons Level 1  
  75  13:53  Stalker  
  77  14:00  Sentry  
  79  14:05  Void Ray  
  83  14:20  Stalker  
  73  14:27  Zealot  
  75  14:34  Zealot  
  77  14:41  Stalker  
  77  14:45  Void Ray  
  79  14:50  Nexus  
  79  15:10  Stalker  
  73  15:17  Zealot  
  69  15:22  Immortal  
  68  15:32  Zealot  
  68  15:35  Protoss Air Armor Level 1  
  68  15:40  Zealot  
  68  15:47  Zealot  
  68  15:49  Protoss Shields Level 1, Protoss Ground Weapons Level 3  
  62  15:51  Void Ray  
  66  16:01  Warp Prism  
  66  16:04  Sentry  
  68  16:06  Probe (Chrono Boost)  
  68  16:08  Probe (Chrono Boost)  
  71  16:12  Assimilator, Stalker, Probe (Chrono Boost)  
  71  16:14  Probe (Chrono Boost)  
  71  16:15  Pylon  
  71  16:17  Pylon  
  75  16:18  Probe (Chrono Boost)  
  75  16:19  Stalker  
  75  16:21  Probe (Chrono Boost)  
  75  16:24  Probe (Chrono Boost)  
  79  16:27  Sentry, Assimilator, Probe (Chrono Boost)  
  79  16:31  Probe (Chrono Boost)  
  83  16:34  Warp Prism  
  83  16:36  Stalker  
  87  16:44  Assimilator, Stalker  
  87  16:45  Probe (Chrono Boost)  
  87  16:47  Pylon  
  87  16:49  Probe (Chrono Boost)  
  87  16:52  Stalker  
  87  16:53  Assimilator, Probe (Chrono Boost), Blink  
  90  16:56  Probe (Chrono Boost)  
  90  16:59  Probe (Chrono Boost)  
  90  17:00  Stalker  
  93  17:04  Void Ray  
  83  17:14  Dark Shrine  
  83  17:15  Zealot  
  83  17:21  Photon Cannon  
  83  17:22  Zealot  
  83  17:25  Pylon  
  83  17:27  Protoss Ground Armor Level 3  
  83  17:28  Fleet Beacon  
  85  17:30  Stalker  
  85  17:36  Sentry  
  89  17:43  Immortal  
  89  17:46  Gateway  
  89  17:48  Photon Cannon  
  93  17:51  Sentry  
  93  17:58  Zealot  
  97  17:59  Protoss Air Armor Level 2  
  97  18:04  Sentry  
  99  18:09  Protoss Shields Level 2  
  99  18:14  Sentry  
  101  19:57  Protoss Air Weapons Level 2  
  101  20:09  Protoss Shields Level 3  
  101  20:27  Nexus  
  101  20:28  Sentry  
  97  20:36  Zealot  
  97  21:16  Immortal  
  97  21:19  Immortal  
  97  21:26  Void Ray  
  101  22:03  Void Ray  
  101  22:04  Pylon  
  101  22:07  Pylon  
  97  22:09  Assimilator  
  97  22:13  Sentry  
  97  22:14  Assimilator  
  97  22:21  Sentry  
  97  22:29  Dark Templar  
  99  22:31  Photon Cannon  
  99  22:34  Photon Cannon  
  99  22:53  Dark Templar  
  101  23:01  Archon  
  101  23:02  Dark Templar  
  103  23:10  Dark Templar  
  105  23:19  Archon  
  105  23:20  Dark Templar  
  107  23:29  Dark Templar  
  109  23:37  Dark Templar, Archon  
Show
View Real Time Build Order
Export as new Build Order

SI 5 (Średnio trudna) Terran - Winner!

Build Orders:  

Get SALT Encoding   

  12  0:01  SCV  
  13  0:13  SCV  
  14  0:18  Supply Depot  
  14  0:25  SCV  
  15  0:40  SCV  
  16  0:44  Barracks  
  16  0:49  Refinery  
  16  0:52  SCV  
  17  1:04  SCV  
  18  1:17  Supply Depot  
  18  1:30  Marine  
  19  1:35  Barracks, Orbital Command  
  19  1:43  Refinery  
  19  1:49  Barracks Tech Lab  
  19  2:07  Marine  
  20  2:11  Supply Depot  
  20  2:25  Marine  
  20  2:28  Marine  
  22  2:30  SCV  
  23  2:42  SCV  
  23  2:43  Marauder  
  26  2:45  Supply Depot  
  26  2:46  Marine  
  27  2:54  SCV  
  27  2:55  Engineering Bay  
  28  3:04  Marine  
  29  3:06  SCV  
  29  3:07  Marine  
  31  3:18  SCV  
  32  3:21  Marine  
  32  3:25  Marauder  
  35  3:30  SCV  
  36  5:12  Barracks Tech Lab  
  36  5:13  SCV  
  37  5:15  Factory  
  37  5:20  Factory  
  37  5:23  Supply Depot  
  37  5:28  SCV  
  37  5:30  Missile Turret, Command Center  
  37  5:33  Missile Turret  
  37  5:37  Barracks  
  37  5:39  Sensor Tower  
  37  5:45  SCV  
  37  5:47  Supply Depot  
  38  5:52  Bunker  
  38  6:00  Widow Mine  
  40  6:06  Starport  
  40  6:12  Armory, Factory Tech Lab  
  40  6:21  Marauder  
  40  6:24  Barracks Reactor  
  34  6:29  Factory Tech Lab  
  30  6:33  Marine  
  31  6:43  SCV  
  31  6:45  Marine  
  31  6:46  SCV  
  34  6:53  Refinery, Starport Tech Lab  
  34  6:55  SCV  
  34  6:57  Marine  
  34  6:58  Missile Turret, SCV  
  34  7:01  Missile Turret  
  37  7:03  Refinery  
  37  7:08  SCV  
  38  7:09  Marine  
  38  7:10  SCV  
  38  7:12  Raven  
  42  7:20  Bunker, SCV  
  42  7:21  Marine  
  44  7:23  SCV  
  45  7:32  SCV  
  45  7:34  Marine  
  45  7:35  SCV  
  47  7:44  SCV  
  47  7:47  SCV, Marauder  
  51  7:55  Raven  
  51  7:56  SCV  
  54  7:59  SCV, Siege Tank  
  58  8:08  SCV  
  58  8:11  SCV, Siege Tank  
  63  8:20  SCV  
  63  8:23  SCV  
  65  8:30  Widow Mine  
  65  8:32  SCV  
  68  8:35  SCV  
  68  8:40  Supply Depot  
  69  8:44  SCV  
  69  8:47  SCV  
  71  9:43  Medivac, Marine  
  71  9:44  Combat Shields, Stimpack  
  74  9:45  Terran Infantry Weapons Level 1  
  74  9:49  Ghost Academy  
  74  9:50  Marine  
  75  9:56  Starport  
  75  9:58  Marine  
  75  9:59  Supply Depot  
  76  10:05  Marine  
  76  10:06  Command Center, Fusion Core  
  77  10:10  Engineering Bay  
  77  10:12  Raven  
  79  10:18  Armory  
  79  10:19  Ghost  
  81  10:24  Supply Depot  
  81  10:26  Ghost  
  83  10:32  Medivac  
  85  10:37  Terran Infantry Armor Level 1  
  79  10:42  Marine  
  65  10:50  Marine  
  65  10:55  Raven  
  65  10:57  Marine  
  65  11:03  Starport Reactor  
  66  11:04  Marine  
  67  11:11  Marine  
  68  11:19  Marine, SCV  
  68  11:22  SCV  
  68  11:25  SCV  
  72  11:30  Marauder  
  72  11:31  SCV  
  75  11:34  SCV  
  75  11:37  SCV  
  75  11:38  Raven, Marauder  
  81  11:43  SCV  
  81  11:46  Missile Turret  
  82  11:50  Ghost  
  82  11:52  Missile Turret  
  84  11:54  Refinery  
  84  11:58  Refinery, Ghost  
  86  12:14  Bunker  
  86  12:19  Ghost  
  88  13:00  SCV  
  88  13:52  Marauder  
  88  13:55  Concussive Shells, Marine, Terran Infantry Weapons Level 2  
  91  13:56  Terran Infantry Armor Level 2  
  91  13:57  Terran Ship Weapons Level 1, Supply Depot, Terran Vehicle Weapons Level 1  
  91  13:58  Marine  
  91  14:00  Marine  
  93  14:12  Marine  
  93  14:13  Marine  
  93  14:15  Marine  
  96  14:18  Marine  
  96  14:24  Command Center  
  97  14:30  Marine  
  97  14:31  Marine  
  98  14:33  Marine  
  99  14:40  Marine  
  98  14:49  Marine, Marauder  
  99  14:54  Raven  
  99  14:55  Marine  
  99  14:59  Marine  
  79  15:03  Medivac x2  
  79  15:06  Marine  
  76  15:09  Marine  
  76  15:13  Marine  
  76  15:16  Marine  
  77  15:24  Marine  
  77  15:28  Marauder  
  69  15:31  Marine  
  69  15:34  Marine  
  66  15:37  Raven  
  66  15:38  SCV  
  66  15:41  SCV  
  66  15:42  Ghost  
  72  15:45  SCV  
  72  15:46  Refinery  
  72  15:49  Marine x2, SCV  
  68  15:52  Missile Turret, Marine, SCV  
  68  15:55  SCV  
  63  15:57  Viking  
  63  15:58  SCV  
  63  15:59  Missile Turret  
  63  16:00  Terran Vehicle And Ship Armor Level 1, Refinery  
  63  16:02  SCV  
  63  16:03  Terran Vehicle Weapons Level 2  
  65  16:05  SCV  
  65  16:06  Marine  
  65  16:07  Marauder  
  65  16:08  SCV  
  65  16:11  Marine x2  
  67  16:12  SCV  
  67  16:14  Terran Infantry Armor Level 3  
  67  16:15  SCV  
  68  16:19  Hellion, SCV  
  68  16:20  Raven  
  68  16:21  Terran Infantry Weapons Level 3  
  68  16:23  Bunker, SCV  
  68  16:24  Marine  
  73  16:26  SCV  
  73  16:27  Starport Reactor  
  73  16:28  Marine  
  73  16:29  Starport Tech Lab, Marauder  
  73  16:30  SCV  
  73  16:31  Starport Tech Lab  
  73  16:32  Marine  
  72  16:33  Starport Reactor  
  72  16:34  SCV  
  72  16:35  Starport Reactor  
  72  16:37  Starport Reactor, SCV  
  72  16:39  Starport Reactor  
  71  16:42  Marine  
  71  16:43  Starport Reactor  
  71  16:46  Starport Reactor  
  71  16:47  Marauder  
  71  16:49  Starport Reactor  
  71  16:50  Marine, Marauder  
  71  16:52  Starport Reactor  
  69  16:56  Starport Reactor, SCV  
  69  16:59  Starport Reactor  
  69  17:00  Marine, SCV  
  65  17:02  Viking  
  65  17:03  Medivac  
  65  17:07  Ghost  
  69  17:08  SCV  
  69  17:10  Marine  
  69  17:11  SCV  
  69  17:13  Marine  
  71  17:18  Marine  
  71  17:20  SCV  
  67  17:23  SCV  
  67  17:26  SCV  
  67  17:27  Marine  
  69  17:30  Marine  
  69  17:33  Raven  
  69  17:34  Starport Tech Lab  
  69  17:36  Marine x2  
  74  17:40  SCV  
  71  17:45  Marine  
  71  17:46  SCV  
  71  17:48  Marine  
  71  17:49  SCV  
  69  17:52  SCV  
  69  17:53  Marine, Raven  
  69  17:54  Marauder  
  69  17:55  SCV  
  75  17:59  Terran Vehicle And Ship Armor Level 2  
  75  18:03  Marine  
  75  18:04  SCV  
  75  18:06  Marine  
  75  18:07  SCV  
  75  18:11  Marine  
  75  18:12  SCV  
  74  18:15  Marine  
  74  18:16  SCV, Raven  
  74  18:19  SCV  
  77  18:21  Marine  
  77  18:23  SCV  
  77  18:24  Marine  
  68  18:29  Marine  
  68  18:30  SCV  
  68  18:33  Marine  
  68  18:34  SCV  
  62  18:36  Medivac  
  62  18:37  SCV  
  62  18:39  Marine  
  62  18:40  SCV  
  62  18:42  Marine  
  62  18:43  SCV  
  62  18:47  Marine  
  60  18:49  SCV x2  
  60  18:51  Marine  
  60  18:53  SCV  
  56  18:56  Marine  
  56  18:57  SCV  
  56  18:59  Medivac, Marine  
  56  19:01  SCV  
  58  19:04  SCV  
  58  19:05  Marine, Raven  
  58  19:07  SCV  
  58  19:09  Marine  
  59  19:10  SCV  
  59  19:14  Marine, SCV  
  59  19:17  Marine, SCV  
  55  19:22  Marine, SCV  
  55  19:23  SCV  
  54  19:26  SCV  
  54  19:27  Marauder  
  54  19:28  Medivac  
  54  19:29  SCV  
  57  19:32  Marine  
  57  19:35  Marine, SCV  
  57  19:36  SCV  
  54  19:39  SCV  
  54  19:40  Marine  
  54  19:42  SCV  
  51  19:47  SCV  
  51  19:48  Marine, Raven  
  51  19:50  Marine  
  51  19:51  SCV x2  
  54  19:53  Marine  
  54  19:55  SCV  
  54  19:58  Marine, Medivac  
  48  20:01  SCV  
  48  20:03  SCV  
  48  20:04  SCV  
  48  20:05  Ghost  
  46  20:07  SCV  
  46  20:08  Marine  
  46  20:11  Marine  
  46  20:14  SCV  
  46  20:15  SCV  
  46  20:16  Marine  
  46  20:17  SCV  
  46  20:20  SCV  
  47  20:26  Marine  
  47  20:27  SCV  
  47  20:28  SCV, Raven  
  46  20:29  Marine  
  46  20:31  SCV, Raven  
  46  20:34  Marine  
  46  20:35  SCV, Marauder  
  50  20:39  SCV  
  50  20:41  SCV  
  49  20:43  Marine  
  49  20:45  SCV  
  49  20:46  Marine  
  49  20:48  SCV  
  51  20:51  Marine, SCV  
  51  20:55  Marine  
  51  20:56  Siege Tank  
  57  21:01  SCV  
  57  21:02  Siege Tank  
  59  21:08  Marine  
  59  21:10  SCV  
  60  21:11  Raven  
  60  21:14  Medivac, Marine  
  60  21:15  Command Center  
  60  21:21  Marine, SCV  
  60  21:24  SCV  
  57  21:28  Siege Tank  
  56  21:34  SCV  
  56  21:36  Marine  
  49  21:42  SCV  
  49  21:43  Marine  
  49  21:44  Raven  
  52  21:50  Siege Tank  
  52  21:51  SCV  
  55  21:54  Raven  
  55  21:56  Marine  
  55  22:02  Marine  
  56  22:08  Marine  
  56  22:12  SCV  
  56  22:14  Marine  
  53  22:16  SCV  
  53  22:20  Marine, SCV  
  56  22:26  Marine  
  56  22:28  Starport Tech Lab, SCV  
  57  22:31  SCV  
  57  22:32  Marine  
  57  22:34  SCV  
  57  22:37  SCV, Raven  
  57  22:38  Marine  
  57  22:40  SCV  
  57  22:43  SCV  
  60  22:46  Marine  
  60  22:48  SCV  
  60  22:51  SCV  
  58  22:52  Marine  
  58  22:54  SCV  
  58  22:55  Raven  
  62  22:59  Hellion  
  62  23:04  Siege Tank  
  67  23:14  Marine  
  67  23:20  Marine  
Tags
 
Add a new tag
Caveats
  • Supply blocks, unpowered buildings, or Contaminate may cause inaccurate times.
  • Supply counts are checked every 10 seconds.